 Dungeon Crawl Stone Soup version 0.30-a0-364-gf6b3ef1049 (webtiles) character file.

Game seed: 6357693418646632284

192 mcwallace the Magician (level 5, 0/28 HPs)
             Began as a Deep Elf Air Elementalist on Nov 15, 2022.
             Slain by an ogre
             ... wielding a +0 giant spiked club
              (20 damage)
             ... on level 4 of the Dungeon.
             The game lasted 00:06:20 (3613 turns).

mcwallace the Magician (Deep Elf Air Elementalist)  Turns: 3613, Time: 00:06:20

Health: 0/28       AC:  4    Str:  5    XL:     5   Next: 42%
Magic:  3/13       EV: 13    Int: 22    God:
Gold:   206        SH:  0    Dex: 15    Spells: 7/13 levels left

rFire   . . .      SeeInvis .    w - +0 dagger (freeze) {short}
rCold   . . .      Faith    .    (no shield)
rNeg    . . .      Spirit   .    a - +0 robe
rPois   .          Reflect  .    (no helmet)
rElec   .          Harm     .    (no cloak)
rCorr   .          Rampage  .    g - +1 pair of gloves
Will    .....                    (no boots)
Stlth   ++........               (no amulet)
HPRegen 0.24/turn                (no ring)
MPRegen 0.13/turn                (no ring)

@: no status effects
A: no striking features
a: no special abilities


You were on level 4 of the Dungeon.
You visited 1 branch of the dungeon, and saw 4 of its levels.

You collected 206 gold pieces.


   Skills:
 + Level 4.0 Dodging
 - Level 2.4 Stealth
 + Level 4.6 Spellcasting
 + Level 3.0 Conjurations
 + Level 4.0 Air Magic


You had 7 spell levels left.
You knew the following spells:

 Your Spells              Type           Power      Damage    Failure   Level
a - Shock                 Conj/Air       80%        1d8       2%          1
b - Static Discharge      Conj/Air       40%        2-4/arc   3%          2
c - Swiftness             Air            22%        N/A       6%          3

Your spell library contained the following spells:

 Spells                   Type           Power      Damage    Failure   Level
 Vhi's Electric Charge    Tloc/Air       26%        N/A       14%         3
 Airstrike                Air            11%        2d(2-18)  21%         4
 Arcjolt                  Conj/Air       10%        1d20      56%         5
 Maxwell's Capacitive Co  Air            11%        ∞         100%        8

Inventory:

Hand Weapons
 f - a +0 spear {polearm}
   (You found it on level 1 of the Dungeon)
 q - a +0 trident {polearm}
   (You found it on level 2 of the Dungeon)
 w - a +0 dagger of freezing (weapon) {short}
   (You found it on level 3 of the Dungeon)
 y - a +0 long sword {long}
   (You found it on level 4 of the Dungeon)
Missiles
 e - 37 stones {throwing}
Armour
 a - a +0 robe (worn)
 g - a +1 pair of gloves (worn)
   (You found it on level 1 of the Dungeon)
 k - a +0 robe
   (You found it on level 1 of the Dungeon)
 s - a +0 robe
   (You found it on level 2 of the Dungeon)
 v - a +0 scale mail
   (You found it on level 3 of the Dungeon)
 x - a +0 leather armour
   (You found it on level 4 of the Dungeon)
Scrolls
 c - 2 scrolls of identify {unknown}
 h - a scroll of enchant armour {unknown}
 j - a scroll of amnesia {unknown}
 l - 2 scrolls of immolation {unknown}
 m - 3 scrolls of magic mapping {unknown}
 n - a scroll of enchant weapon {unknown}
 o - 2 scrolls of torment {unknown}
 r - 2 scrolls of teleportation {unknown}
 t - 3 scrolls of blinking {unknown}
 u - a scroll of butterflies {unknown}
Potions
 b - 2 potions of magic
 d - a potion of invisibility {unknown}
 i - a potion of flight {unknown}
 p - 2 potions of curing {unknown}

Dungeon Overview and Level Annotations

Branches:
Dungeon (4/15) Zot: 20392
 Temple: D:4-7

Altars:
Cheibriados
Ru
Sif Muna

Annotations:
D:3 1 runed translucent door, Cancer's ghost, weakling GrEE
D:4 Edmund

.####>...#
##.#.#
#...#
#.### #.#
# #.# ...
#.#
.....###.#
......O@.#
.###.#####


You could see an ogre.


Message History

Aiming: Shock (safe; 2% risk of failure)
Press: ? - help, Q - select action, (/) - cycle Shift-Dir - straight line, f - quokka
Aim: a quokka (magical condensation, wandering, hasn't noticed you, 60% to hit)
The zap hits the quokka. 😎 MP[-1]
You lost 1 mp, and now have 12/13 mp.
Aiming: Shock (safe; 2% risk of failure)
Press: ? - help, Q - select action, (/) - cycle Shift-Dir - straight line, f/p - quokka
Aim: a quokka (heavily wounded, 60% to hit)
The zap hits the quokka.
You kill the quokka! 😎 MP[-1]
You lost 1 mp, and now have 11/13 mp.
Casting: Shock (safe; 2% risk of failure)
Confirm with . or Enter, or press ? or * to list all spells.
The spell is quite dangerous to miscast (6% risk of failure)!
Continue anyway?
You feel quick. 😎 MP[-3]
You lost 3 mp, and now have 8/13 mp. 😎 MP[+1]
Things that are here:
a +0 club {mace}; a +0 sling; a goblin corpse
There is an open door here. 😎 MP[+1]
You start to feel a little slower.
Things that are here:
a necrophage corpse; an iguana corpse 😎 MP[+1]
You feel sluggish.
There is a stone staircase leading up here.
You climb upwards.
Level annotation: 1 runed translucent door, Cancer's ghost, weakling GrEE
There is a stone staircase leading down here.
You start resting. 😎 MP[+2]
Your mp is fully restored (13).
You start waiting.
You start to feel a little faster.
Unknown command.
You start waiting.
You no longer feel sluggish.
You start waiting.
Done waiting.
You see here a +0 dagger {short}.
There is a stone staircase leading down here.
You climb downwards.
Level annotation: Edmund
There is a stone staircase leading up here.
Found a stone staircase leading down.
Found a stone staircase leading down.
An ogre and an iguana come into view.
The iguana hisses angrily.
The ogre shouts!
Aiming: Shock (safe; 2% risk of failure)
Press: ? - help, Q - select action, (/) - cycle Shift-Dir - straight line The zap hits the iguana.
The zap misses the iguana. 😎 MP[-1]
You lost 1 mp, and now have 12/13 mp.
Aiming: Shock (safe; 2% risk of failure)
Press: ? - help, Q - select action, (/) - cycle Shift-Dir - straight line The zap hits the iguana. 😎 MP[-1]
You lost 1 mp, and now have 11/13 mp.
Aiming: Shock (safe; 2% risk of failure)
Press: ? - help, Q - select action, (/) - cycle Shift-Dir - straight line The zap hits the iguana.
You kill the iguana!
The zap hits the ogre. x2
Your Dodging skill increases to level 4!
Your Conjurations skill increases to level 3!
Your Air Magic skill increases to level 4! 😎 MP[-1]
You lost 1 mp, and now have 10/13 mp.
Aiming: Shock (safe; 2% risk of failure)
Press: ? - help, Q - select action, (/) - cycle Shift-Dir - straight line The zap hits the ogre! 😎 MP[-1]
You lost 1 mp, and now have 9/13 mp.
Casting: Shock (safe; 2% risk of failure)
Confirm with . or Enter, or press ? or * to list all spells.
The ogre is struck by an arc of lightning.
You are struck by an arc of lightning.
The lightning grounds out.
The ogre misses you. 😕 HP[-2] MP[-2]
You take 2 damage, and now have 26/28 hp.
You lost 2 mp, and now have 7/13 mp.
Unknown command.
Casting: Static Discharge (safe; 3% risk of failure)
Confirm with . or Enter, or press ? or * to list all spells.
The ogre is struck by an arc of lightning.
You are struck by an arc of lightning.
The lightning grounds out. 😕 HP[-3] MP[-2]
You take 3 damage, and now have 23/28 hp.
You lost 2 mp, and now have 5/13 mp.
Casting: Static Discharge (safe; 3% risk of failure)
Confirm with . or Enter, or press ? or * to list all spells.
The ogre is struck by an arc of lightning.
You are struck by an arc of lightning.
The lightning grounds out.
The ogre hits you with a +0 giant spiked club!!
Ouch! That really hurt!
You die...

Skill      XL: |  1  2  3  4  5 |
---------------+----------------+-----
Dodging        | 3 4 |  4.0
Conjurations   | 2 3 |  3.0
Spellcasting   | 4 |  4.6
Air Magic      | 4 |  4.0
Stealth        | |  2.4

Action                   |  1- 3 |  4- 6 || total
-------------------------+-------+-------++-------
Melee: Spear             |     7 |       ||     7
       Punch             |     1 |       ||     1
 Cast: Shock             |    88 |    18 ||   106
       Static Discharge  |       |     6 ||     6
       Swiftness         |       |     1 ||     1
Armor: Robe              |     5 |       ||     5
Dodge: Dodged            |     6 |     5 ||    11

Levels and vault maps discovered:
D:1:      minmay_arrival_radiant_lines, layout_basic,
          shapermc_ecumenical_altar_petra
D:2:      layout_loops_ring, basic_altar
D:3:      layout_basic, nicolae_ru_awakened_eye, ebering_ghost_sewer_d
D:4:      layout_loops_corners, nicolae_sif_muna_condensation, minitemple,
          gammafunk_ghost_necromancy, minivault_14, minmay_ruined_shrine,
          uniq_robin, uniq_edmund

Notes
Turn   | Place    | Note
-------+----------+-------------------------------------------
     0 | D:1      | mcwallace the Deep Elf Air Elementalist began the quest for
                  | the Orb.
     0 | D:1      | Reached XP level 1. HP: 10/10 MP: 6/6
     0 | D:1      | magus.rc [v1.9.6]
   382 | D:1      | Reached XP level 2. HP: 15/15 MP: 5/8
  1265 | D:1      | Found a faded altar of an unknown god.
  1323 | D:2      | Reached skill level 3 in Dodging
  1366 | D:2      | Reached XP level 3. HP: 19/19 MP: 7/10
  1369 | D:2      | Learned a level 2 spell: Static Discharge
  1400 | D:2      | Reached skill level 2 in Conjurations
  1406 | D:2      | HP: 4/19 [poisoned by an adder]
  1790 | D:2      | Learned a level 3 spell: Swiftness
  2025 | D:2      | Found a snail-covered altar of Cheibriados.
  2329 | D:3      | Noticed a bullfrog
  2330 | D:3      | Found a runed translucent door.
  2358 | D:3      | Noticed Cancer's ghost (weakling GrEE)
  2610 | D:3      | You add the spells Vhi's Electric Charge, Arcjolt and
                  | Maxwell's Capacitive Coupling to your library.
  2638 | D:3      | Reached skill level 4 in Spellcasting
  2638 | D:3      | Reached XP level 4. HP: 24/24 MP: 6/12
  2833 | D:3      | Found a sacrificial altar of Ru.
  3198 | D:4      | Noticed an ogre
  3211 | D:4      | Noticed a necrophage
  3222 | D:4      | Killed a necrophage
  3223 | D:4      | Reached XP level 5. HP: 9/28 MP: 2/13
  3325 | D:4      | Noticed an ogre
  3351 | D:4      | Found a shimmering blue altar of Sif Muna.
  3355 | D:4      | Noticed Edmund
  3605 | D:4      | Noticed an ogre
  3610 | D:4      | Reached skill level 4 in Dodging
  3610 | D:4      | Reached skill level 3 in Conjurations
  3610 | D:4      | Reached skill level 4 in Air Magic
  3613 | D:4      | Slain by an ogre

Vanquished Creatures
  A necrophage (D:4)
  2 iguanas (D:4)
  3 adders
  2 worms (D:2)
  3 dart slugs
  8 ball pythons
  4 endoplasms
  A giant cockroach (D:1)
  6 goblins
  2 jackals (D:2)
  3 quokkas
  3 bats
  3 kobolds
  5 rats
46 creatures vanquished.

Vanquished Creatures (others)
  A fungus (D:1)
  A plant (D:1)
2 creatures vanquished.

Grand Total: 48 creatures vanquished

Table legend:
 A = Non-vault XP
 B = Vault XP
 C = Vault XP percentage of total XP
 D = Non-vault monster count
 E = Vault monster count
 F = Vault count percentage of total count
                 A         B        C        D         E       F
            +---------+---------+-------+---------+---------+-------
      Total |     275 |       0 |   0.0 |      46 |       0 |   0.0
            +---------+---------+-------+---------+---------+-------
        D:1 |      25 |       0 |   0.0 |      14 |       0 |   0.0
        D:2 |      62 |       0 |   0.0 |      18 |       0 |   0.0
        D:3 |      27 |       0 |   0.0 |       9 |       0 |   0.0
        D:4 |     161 |       0 |   0.0 |       5 |       0 |   0.0
            +---------+---------+-------+---------+---------+-------

Illustrated notes

Table legend:
 A = Kills in this place as a percentage of kills in entire the game.
 B = Kills by you in this place as a percentage of kills by you in the entire game.
 C = Kills by friends in this place as a percentage of kills by friends in the entire game.
 D = Other kills in this place as a percentage of other kills in the entire game.
 E = Experience gained in this place as a percentage of experience gained in the entire game.
 F = Experience gained in this place divided by the number of levels of this place that you have seen.
                   A       B       C       D       E      F
               +-------+-------+-------+-------+-------+----------------------
         Total | 100.0 | 100.0 |   N/A |   N/A | 100.0 |  68.8
       Dungeon | 100.0 | 100.0 |   N/A |   N/A | 100.0 |  68.8
               +-------+-------+-------+-------+-------+----------------------

Table legend: (Time is in decaauts)
 A = Elapsed time spent in this place.
 B = Non-inter-level travel time spent in this place.
 C = Inter-level travel time spent in this place.
 D = Time resting spent in this place.
 E = Time spent auto-exploring this place.
 F = Levels seen in this place.
 G = Mean time per level.
                   A        B        C        D        E       F      G
               +--------+--------+--------+--------+--------+-----+--------+
         Total |   3606 |   3432 |    174 |    193 |   2866 |   4 |  901.5 |
       Dungeon |   3606 |   3432 |    174 |    193 |   2866 |   4 |  901.5 |
               +--------+--------+--------+--------+--------+-----+--------+

Top non-repeatable levels by time:
     D:1: 1319 daAuts
     D:3: 1042 daAuts
     D:2: 1005 daAuts
     D:4: 238 daAuts
